 Seeded DCSS version 0.32-a0-411-g744942f433 (webtiles) character file.

Game seed: 9488276093134209384 (custom seed)

469 CougarLife the Digger (level 7, 0/36 HPs)
             Began as a Gargoyle Earth Elementalist on Feb 21, 2024.
             Killed from afar by an orc wizard (10 damage)
             ... with a puff of flame
             ... on level 3 of the Dungeon.
             The game lasted 00:03:53 (2913 turns).

CougarLife the Digger (Gargoyle Earth Elementalist) Turns: 2913, Time: 00:03:53

Health: 0/36       AC:  7    Str: 11    XL:     7   Next: 9%
Magic:  9/13       EV: 11    Int: 18    God:
Gold:   121        SH:  0    Dex: 10    Spells: 10/14 levels left

rFire   . . .        d - +0 dagger
rCold   . . .        (no shield)
rNeg    + . .        a - +0 robe
rPois   ∞            j - +0 helmet
rElec   +            (no cloak)
rCorr   .            (no gloves)
SInv    .            (no boots)
Will    .....        (no amulet)
Stlth   ++           (no ring)
HPRegen 0.26/turn    (no ring)
MPRegen 0.13/turn

%: no passive effects
@: no status effects
A: sickness immunity, AC +4, negative energy resistance 1, electricity
resistance, torment resistance 1, petrification resistance
a: no special abilities


You were on level 3 of the Dungeon.
You visited 1 branch of the dungeon, and saw 3 of its levels.
You also visited: Sewer.

You collected 121 gold pieces.

Inventory:

Hand Weapons
 d - a +0 dagger (weapon)
Armour
 a - a +0 robe (worn)
 j - a +0 helmet (worn)
Jewellery
 l - an amulet of the acrobat
Scrolls
 c - a scroll of torment {unknown}
 e - a scroll of revelation {unknown}
 f - 4 scrolls of teleportation {unknown}
 h - 2 scrolls of identify {unknown}
 n - a scroll of amnesia {unknown}
 o - a scroll of brand weapon {unknown}
 q - a scroll of enchant weapon {unknown}
 r - a scroll of noise {unknown}
Potions
 b - a potion of magic
 g - 2 potions of heal wounds {unknown}
 i - a potion of invisibility {unknown}
 k - a potion of haste {unknown}
 m - a potion of berserk rage {unknown}
 p - a potion of mutation {unknown}


   Skills:
 - Level 1.5 Dodging
 - Level 2.1 Stealth
 + Level 4.2 Spellcasting
 + Level 4.5 Conjurations
 + Level 6.1 Earth Magic


You had 10 spell levels left.
You knew the following spells:

 Your Spells              Type           Power      Damage    Failure   Level
a - Sandblast             Erth           50%        2d12      1%          1
b - Stone Arrow           Conj/Erth      44%        3d9       4%          3

Your spell library contained the following spells:

 Spells                   Type           Power      Damage    Failure   Level
 Passwall                 Erth           25%        N/A       3%          3
 Brom's Barrelling Bould  Conj/Erth      22%        2d4       16%         4
 Lee's Rapid Deconstruct  Erth           12%        3d9*      32%         5
 Animate Armour           Summ/Erth      28%        N/A       38%         4
 Petrify                  Alch/Erth      14%        N/A       38%         4
 Summon Lightning Spire   Summ/Air       3%         N/A       82%         4


Dungeon Overview and Level Annotations

Branches:
Dungeon (3/15)              Sewer (visited)

Altars:

Shops:
D:2 *


Innate Abilities, Weirdness & Mutations

You are immune to sickness and miasma.
Your stone body is resilient. (AC +4)
You are immune to poison.
You resist negative energy. (rN+)
You are resistant to electric shocks. (rElec)
You are resistant to unholy torment.
You are immune to petrification.


Message History

You start resting.
An orc is nearby!
An orc is nearby!
Casting: Sandblast (safe; 1% risk of failure)
Confirm with . or Enter, or press ? or * to list all spells.
Aiming: Sandblast (safe; 1% risk of failure)
Press: ? - help, Shift-Dir - straight line, f - orc
Aim: an orc, wielding a +0 club and wearing a +0 leather armour (83% to hit)
The blast of sand hits the orc!
You kill the orc!
Casting: Sandblast (safe; 1% risk of failure)
Confirm with . or Enter, or press ? or * to list all spells.
Aiming: Sandblast (safe; 1% risk of failure)
Press: ? - help, Shift-Dir - straight line, f - orc priest
Aim: an orc priest, wielding a +0 dagger (83% to hit)
The blast of sand hits the orc priest!
You kill the orc priest!
The orc hits you but does no damage. The orc wizard barely misses you.
Casting: Sandblast (safe; 1% risk of failure)
Confirm with . or Enter, or press ? or * to list all spells.
Aiming: Sandblast (safe; 1% risk of failure)
Press: ? - help, Shift-Dir - straight line, f - orc wizard
Aim: an orc wizard, wielding a +0 dagger and wearing a +0 robe (moderately wounded, 79% to hit)
The blast of sand hits the orc wizard!
The orc wizard is severely wounded.
The orc wizard mumbles some strange words.
The orc wizard flickers and vanishes!
Deactivating autopickup; reactivate with Ctrl-A.
The orc barely misses you.
Casting: Sandblast (safe; 1% risk of failure)
Confirm with . or Enter, or press ? or * to list all spells.
Aiming: Sandblast (safe; 1% risk of failure)
Press: ? - help, Shift-Dir - straight line, f - orc
Aim: an orc, wielding a +0 whip (83% to hit)
The blast of sand misses the orc.
The blast of sand hits the orc!
You kill the orc!
You hear some strange, mumbled words.
A puff of flame appears from out of thin air!
The puff of flame hits you!
You die...

..# ### #.# ##{####### #.#
#@#......# #.# ###
##o###.###.# #.# .... #)##
##o...# #.# ##...
##.###.###.# #.#
#.....##..#.## #.####.####
....ooo....## #..........
#.....##o#######.#.#######
#.................#
#.o####.........###


You could see an orc.

Vanquished Creatures
  2 brain worms (Sewer)
  An orc priest (D:3)
  2 orc wizards (D:3)
  Robin (D:2)
  2 adders
  9 river rats
  2 ribbon worms (D:3)
  A dart slug (D:1)
  3 orcs (D:3)
  8 ball pythons
  5 bats
  8 endoplasms
  4 giant cockroaches
  7 goblins
  4 hobgoblins
  6 jackals
  4 kobolds
  4 quokkas
  8 frilled lizards
  8 rats
89 creatures vanquished.

Notes
Turn   | Place    | Note
-------+----------+-------------------------------------------
     0 | D:1      | CougarLife the Gargoyle Earth Elementalist began the quest
                  | for the Orb.
     0 | D:1      | Reached XP level 1. HP: 10/10 MP: 3/3
   155 | D:1      | Found a faded altar of an unknown god.
   175 | D:1      | Reached XP level 2. HP: 15/15 MP: 3/5
   261 | D:1      | Reached skill level 4 in Earth Magic
   338 | D:1      | Reached XP level 3. HP: 19/19 MP: 3/6
   851 | D:2      | Found Recef's General Store.
   926 | D:2      | Reached XP level 4. HP: 24/24 MP: 6/8
   978 | D:2      | Noticed Robin
  1008 | D:2      | Killed Robin
  1722 | D:3      | Reached XP level 5. HP: 24/28 MP: 3/9
  1736 | D:3      | Reached skill level 5 in Earth Magic
  1859 | D:3      | Found a glowing drain.
  1864 | Sewer    | Entered a sewer
  1949 | Sewer    | Reached XP level 6. HP: 32/32 MP: 7/11
  2355 | Sewer    | Reached skill level 6 in Earth Magic
  2406 | Sewer    | Reached XP level 7. HP: 26/36 MP: 7/13
  2683 | Sewer    | Learned a level 3 spell: Stone Arrow
  2913 | D:3      | Killed from afar by an orc wizard

Illustrated notes

Levels and vault maps discovered:
D:1:      dpeg_arrival_snail, layout_basic, hellmonk_ecumenical_altar_crossroads
D:2:      layout_rooms, serial_aquarium, aquarium_bridge_straight
          [aquarium_subvault_bridge, aquarium_subvault_window,
          aquarium_subvault_bridge, aquarium_subvault_balcony],
          aquarium_window_corridor_2, aquarium_window_1, aquarium_window_1,
          aquarium_view_2d, aquarium_pool_four, serial_shops, shop, uniq_robin
D:3:      layout_loops_ring, gup_sewer_entry_spiral, uniq_terence, uniq_sigmund

Skill      XL: |  1  2  3  4  5  6 |
---------------+-------------------+-----
Earth Magic    | 4 5 6 |  6.1
Conjurations   | 2 3 4 |  4.5
Spellcasting   | 3 4 |  4.2
Dodging        | |  1.5
Stealth        | |  2.1

Action                     |  1- 3 |  4- 6 |  7- 9 || total
---------------------------+-------+-------+-------++-------
  Melee: Dagger            |    15 |    34 |     1 ||    50
   Cast: Sandblast         |    39 |    87 |     7 ||   133
 Armour: Robe              |    15 |    63 |     5 ||    83
  Dodge: Dodged            |    11 |    54 |     5 ||    70

Table legend: (Time is in decaauts)
 A = Elapsed time spent in this place.
 B = Non-inter-level travel time spent in this place.
 C = Inter-level travel time spent in this place.
 D = Time resting spent in this place.
 E = Time spent auto-exploring this place.
 F = Levels seen in this place.
 G = Mean time per level.
                   A        B        C        D        E       F      G
               +--------+--------+--------+--------+--------+-----+--------+
         Total |   3145 |   3076 |     69 |     89 |   2318 |   4 |  786.2 |
       Dungeon |   2169 |   2100 |     69 |     26 |   1565 |   3 |  723.0 |
         Sewer |    975 |    975 |      0 |     63 |    753 |   1 |  975.0 |
               +--------+--------+--------+--------+--------+-----+--------+

Top non-repeatable levels by time:
   Sewer: 975 daAuts
     D:1: 866 daAuts
     D:2: 805 daAuts
     D:3: 497 daAuts
